 Dungeon Crawl Stone Soup version 0.19.4-8-ga85b6b9 (console) character file.

57 Grinner the Ducker (level 3, -2/17 HPs)
             Began as a Spriggan Transmuter on Feb 8, 2017.
             Slain by a worm (7 damage)
             ... on level 1 of the Dungeon.
             The game lasted 00:05:40 (2348 turns).

Grinner the Ducker (Spriggan Transmuter)            Turns: 2348, Time: 00:05:40

Health: -2/17      AC:  2    Str:  7    XL:     3   Next: 73%
Magic:  7/8        EV: 19    Int: 14    God:
Gold:   87         SH:  0    Dex: 16    Spells: 1 memorised, 7 levels left

rFire  . . .     SeeInvis +       - Unarmed
rCold  . . .     Gourm    .     b - +0 robe
rNeg   . . .     Faith    .     (shield restricted)
rPois  .         Spirit   .     (helmet restricted)
rElec  .         Reflect  .     (no cloak)
rCorr  +         Harm     +     (gloves unavailable)
MR     .....                    (boots unavailable)
Stlth  +.........               h - amulet of harm
                                (no ring)
                                k - ring of resist corrosion

@: appendage, very quick
A: unfitting armour, horns 2, see invisible, herbivore 3, speed 3, slow
metabolism 2
a: End Transformation


You were on level 1 of the Dungeon.
You were not hungry.
You had grown temporary horns.
You visited 1 branch of the dungeon, and saw 2 of its levels.

You collected 87 gold pieces.

Inventory:

Missiles
 a - 73 arrows
Armour
 b - a +0 robe (worn)
Jewellery
 h - an amulet of harm (around neck)
 k - a ring of resist corrosion (left hand)
Scrolls
 g - a scroll of fog {unknown}
 j - a scroll of remove curse {unknown}
Potions
 f - 2 potions of brilliance {unknown}
 i - a potion of flight {unknown}
Books
 c - a book of Changes

   Spells                             Type                      Level
   a - Beastly Appendage              Transmutation                1
   b - Sticks to Snakes               Transmutation                2
   c - Spider Form                    Transmutation/Poison         3
   d - Ice Form                       Ice/Transmutation            4
   e - Blade Hands                    Transmutation                5
Comestibles
 d - 2 bread rations
 l - 2 fruits


   Skills:
 - Level 0.7 Fighting
 + Level 4.3 Dodging
 + Level 0.0 Stealth
 - Level 2.4 Unarmed Combat
 + Level 3.4 Spellcasting
 + Level 4.0 Transmutations


You had 7 spell levels left.
You knew the following spells:

 Your Spells              Type           Power        Failure   Level  Hunger
z - Beastly Appendage     Tmut           ##....       4%          1    #......


Dungeon Overview and Level Annotations

Branches:
Dungeon (2/15)

Altars:


Innate Abilities, Weirdness & Mutations

You are very small and have problems with some larger weapons.
You are too small for most types of armour.
You have supernaturally acute eyesight. (SInv)
You are a herbivore.
You cover ground extremely quickly.
You need consume almost no food.
You have a pair of horns on your head.


Message History

Confirm with . or Enter, or press ? or * to list all spells.
You grow a pair of large bovine horns.
You hit the worm.
The worm is lightly wounded.
You barely miss the worm.
The worm is lightly wounded.
The worm barely misses you.
You hit the worm.
The worm is moderately wounded.
You barely miss the worm.
The worm is moderately wounded.
The worm bites you!
Ouch! That really hurt!
* * * LOW HITPOINT WARNING * * *
You are too injured to fight recklessly!
You are too injured to fight recklessly!
You hit the worm.
The worm is moderately wounded.
The worm bites you.
You die...

##### ##.#.#
#...(...## #.#.#
#.#.###..# #.#.#
#♣♣.♣ ##.# #...#
♣♣♣.♣♣♣♣.##
##..#♣♣PP.PP♣♣..#
#..♣♣PP...PP♣♣.#
#..♣♣P.....P♣♣.#
#.w.....⌠......#
##@♣♣P.....P♣♣.#
##♣♣PP...PP♣♣.#
♣♣PP.PP♣♣..#
♣♣♣.♣♣♣♣.##
♣.♣♣...# #....###
######


You could see a worm.

Vanquished Creatures
  An adder (D:2)
  An ooze (D:1)
  A worm (D:2)
  A dart slug (D:1)
  3 leopard geckos
  A ball python (D:1)
  3 bats (D:1)
  2 giant cockroaches (D:2)
  4 goblins (D:1)
  2 hobgoblins
  7 kobolds
  6 frilled lizards
  4 rats
36 creatures vanquished.

Notes
Turn   | Place    | Note
-------+----------+-------------------------------------------
     0 | D:1      | Grinner the Spriggan Transmuter began the quest for the Orb.
     0 | D:1      | Reached XP level 1. HP: 9/9 MP: 5/5
   551 | D:1      | Reached XP level 2. HP: 7/14 MP: 4/6
  1363 | D:1      | Reached XP level 3. HP: 17/17 MP: 8/8
  2348 | D:1      | Slain by a worm

Skill      XL: |  1  2  3 |
---------------+----------+-----
Transmutations | 3 4 |  4.0
Spellcasting   | 3 |  3.4
Dodging        | 4 |  4.3
Fighting       | |  0.7
Unarmed Combat | |  2.4

Action                   || total
-------------------------++-------
Melee: Unarmed           ||   192
       Headbutt          ||     9
       Kick              ||    21
Throw: Stone             ||    15
 Cast: Beastly Appendage ||    20
 Stab: Sleeping          ||     2
Armor: Robe              ||    14
Dodge: Dodged            ||   133
